 Dungeon Crawl Stone Soup version 0.17-a0-2064-g265a032 (webtiles) character file.

118 LSTMargal the Poker (level 5, -4/45 HPs)
             Began as a Hill Orc Gladiator on Oct 13, 2015.
             Slain by an ice beast (12 damage)
             ... on level 4 of the Dungeon.
             The game lasted 00:07:17 (2211 turns).

LSTMargal the Poker (Hill Orc Gladiator)            Turns: 2211, Time: 00:07:18

Health: -4/45      AC:  4    Str: 18    XL:     5   Next: 2%
Magic:  5/5        EV: 12    Int:  8    God:
Gold:   87         SH:  0    Dex: 12    Spells: 0 memorised, 4 levels left

rFire  . . .     SeeInvis .     a - +0 trident
rCold  . . .     Clarity  .     b - +0 leather armour
rNeg   . . .     SustAt   .     (no shield)
rPois  .         Gourm    .     c - +0 helmet
rElec  .         Spirit   .     (no cloak)
rCorr  .         Warding  .     (no gloves)
rMut   .         Stasis   .     (no boots)
MR     .....                    (no amulet)
Stlth  +.........               (no ring)
                                (no ring)

@: not resistant to hostile enchantments, very unstealthy
A: no striking features
a: no special abilities


You were on level 4 of the Dungeon.
You were not hungry.

You visited 1 branch of the dungeon, and saw 4 of its levels.

You collected 87 gold pieces.

Inventory:

Hand Weapons
 a - a +0 trident (weapon)
Armour
 b - a +0 leather armour (worn)
 c - a +0 helmet (worn)
Jewellery
 q - a cursed -2 ring of dexterity {unknown}
 s - an uncursed ring of sustain attributes {unknown}
Scrolls
 g - a scroll of amnesia {unknown}
 h - 2 scrolls of identify {unknown}
 k - a scroll of enchant armour {unknown}
 o - a scroll of teleportation {unknown}
 r - a scroll of random uselessness {unknown}
Potions
 f - a potion of heal wounds
 i - a potion of invisibility {unknown}
 j - a potion of lignification {unknown}
 l - 2 potions of agility {unknown}
 n - a potion of curing {unknown}
 p - a potion of haste {unknown}
 t - a potion of poison {unknown}
Comestibles
 e - a bread ration
 m - a meat ration
 u - 4 chunks of flesh


   Skills:
 - Level 3.0 Fighting
 * Level 3.8 Polearms
 - Level 3.2 Throwing
 - Level 3.1 Dodging


You had 4 spell levels left.
You didn't know any spells.

Dungeon Overview and Level Annotations

Branches:
Dungeon (4/15)             Temple (0/1) D:4

Altars:


Message History

You hit the hound but do no damage.
The hound is moderately wounded.
The hound closely misses you. The worker ant barely misses you.
The hound bites you.
* * * LOW HITPOINT WARNING * * *
You closely miss the hound.
The hound is moderately wounded.
The hound closely misses you.
The worker ant bites you but does no damage.
The ice beast barely misses you. The hound barely misses you.
The worker ant barely misses you.
Unknown command.
You closely miss the hound.
The hound is moderately wounded.
The hound bites you.
* * * LOW HITPOINT WARNING * * *
The ice beast hits you.
* * * LOW HITPOINT WARNING * * *
The ice beast freezes you!
You die...

#.⌠.# ..... #...###....
#.#....##+# #gg.....#.#
....g...#.....#.#
....gg..#####g#.#
...g....# #.#.#
........# #Y#h#
...g....#####.#@##
..............aY.#
#######g#......g.......
#..............
#....<.........
#.#.##......... #.#.
....###### . #$ .#.##
#.#>#


You could see an ice beast, a hound, a worker ant and a hobgoblin.

Vanquished Creatures
  An orc wizard (D:3)
  4 adders
  10 bats
  3 hobgoblins (D:2)
  3 jackals (D:3)
  2 quokkas (D:3)
  4 giant cockroaches
  8 giant newts
  11 goblins
  5 kobolds (D:2)
  14 rats
65 creatures vanquished.

Notes
Turn   | Place    | Note
--------------------------------------------------------------
     0 | D:1      | LSTMargal the Hill Orc Gladiator began the quest for the Orb.
     0 | D:1      | Reached XP level 1. HP: 18/18 MP: 1/1
   173 | D:1      | Reached XP level 2. HP: 26/26 MP: 2/2
   896 | D:2      | Reached XP level 3. HP: 31/31 MP: 3/3
  1360 | D:2      | Reached XP level 4. HP: 34/38 MP: 4/4
  2159 | D:3      | Reached XP level 5. HP: 24/45 MP: 5/5
  2187 | D:4      | Found a staircase to the Ecumenical Temple.
  2187 | D:4      | Noticed an ice beast
  2211 | D:4      | Slain by an ice beast

Vault maps used:
D:1:      scummos_arrival_simple_crosswalls, serial_bayou_pond_e,
          hangedman_feature_mirror, minmay_misc_feat_secret_circle
D:3:      minmay_crystal_room, okawaru_altar_gauntlet_db
D:4:      minmay_temple_entry_junction, first_bread, hangedman_minor_gate_pass,
          uniq_menkaure, uniq_robin

Action                   |  1- 3 |  4- 6 || total
-------------------------+-------+-------++-------
Melee: Trident           |   128 |    94 ||   222
Throw: Throwing net      |     9 |     9 ||    18
  Use: Potion            |     1 |       ||     1
 Stab: Held in net/web   |     1 |     1 ||     2
  Eat: Chunk             |     1 |     3 ||     4
